 Dungeon Crawl Stone Soup version 0.28-a0-1033-g1a2f33fa85 (webtiles) character file.

Game seed: 7684963870538229379

53559 gimp the Thaumaturge (level 13, 0/100 HPs)
             Began as a Demigod Earth Elementalist on Dec 7, 2021.
             Slain by a death yak (25 damage)
             ... on level 6 of the Lair of Beasts.
             The game lasted 00:47:20 (28881 turns).

gimp the Thaumaturge (Demigod Earth Elementalist)  Turns: 28881, Time: 00:47:21

Health: 0/100      AC: 10    Str:  9    XL:     13   Next: 99%
Magic:  6/35       EV: 15    Int: 33    God:
Gold:   1299       SH:  0    Dex: 20    Spells: 24/38 levels left

rFire   + . .      SeeInvis .   a - +1 dagger (venom)
rCold   + . .      Faith    .   (no shield)
rNeg    . . .      Spirit   .   w - +0 leather armour {rF+}
rPois   .          Reflect  .   S - +2 hat {Will+}
rElec   .          Harm     .   K - +0 cloak
rCorr   .          Rampage  .   L - +2 pair of gloves
Will    ++...                   Q - +0 pair of boots
Stlth   +++.......              (no amulet)
HPRegen 0.26/turn               i - ring of protection from cold
MPRegen 0.24/turn               A - +6 ring of dexterity

@: lethally poisoned (0 -> -6)
A: high mp 1, forlorn, divine attributes
a: no special abilities


You were on level 6 of the Lair of Beasts.
You visited 2 branches of the dungeon, and saw 18 of its levels.
You also visited: Sewer and Gauntlet.

You collected 1299 gold pieces.

Inventory:

Hand Weapons
 a - a +1 dagger of venom (weapon)
Missiles
 c - 365 stones
 l - 65 poisoned darts
 r - 4 curare-tipped darts
Armour
 w - a +0 leather armour of fire resistance (worn)
 D - a -2 pair of boots of flying
 K - a +0 cloak (worn)
 L - a +2 pair of gloves (worn)
 Q - a +0 pair of boots (worn)
 S - a +2 hat of willpower (worn)
Magical Staves
 B - a staff of death
 C - a staff of air
Jewellery
 i - a ring of protection from cold (left hand)
 m - the ring "Tisseycu" {Fire rElec}
   (You found it in a Gauntlet)

   [ring of fire]

   It enhances your fire magic.
   rF:        It protects you from fire.
   rC:        It makes you vulnerable to cold.
   rElec:     It insulates you from electricity.
 A - a +6 ring of dexterity (right hand)
 P - a ring of resist corrosion
 T - the ring of Qanawead {rPois Stlth+}
   (You found it in a Gauntlet)

   [ring of poison resistance]

   rPois:     It protects you from poison.
   Stlth:     It makes you more stealthy.
 U - a ring of see invisible
Wands
 v - a wand of paralysis (17)
 x - a wand of digging (4)
 y - a wand of iceblast (14)
 G - a wand of flame (24)
 R - a wand of mindburst (4)
 W - a wand of acid (2)
Scrolls
 b - 3 scrolls of identify
 f - 3 scrolls of enchant weapon
 g - 3 scrolls of holy word
 j - 9 scrolls of teleportation
 k - 2 scrolls of vulnerability
 n - a scroll of enchant armour
 p - 2 scrolls of blinking
 s - a scroll of brand weapon
 u - 5 scrolls of amnesia
 z - a scroll of fear
 E - 2 scrolls of summoning
 O - a scroll of magic mapping
Potions
 d - a potion of curing
 e - 2 potions of lignification
 h - a potion of heal wounds
 o - 7 potions of haste
 q - 3 potions of might
 t - 4 potions of mutation
 F - a potion of resistance
 H - 4 potions of brilliance
 I - 4 potions of ambrosia
 N - 4 potions of flight
Miscellaneous
 J - a box of beasts (inert)


   Skills:
 - Level 5.0 Fighting
 - Level 6.0 Short Blades
 - Level 2.0 Armour
 + Level 6.7 Dodging
 - Level 6.0 Stealth
 - Level 13.0 Spellcasting
 - Level 4.0 Conjurations
 - Level 3.0 Transmutations
 - Level 10.0 Earth Magic
 - Level 3.0 Poison Magic
 * Level 9.7 Evocations


You had 24 spell levels left.
You knew the following spells:

 Your Spells              Type           Power      Damage    Failure   Level
a - Stone Arrow           Conj/Erth      100%       3d13      1%          3
b - Sandblast             Erth           100%       2d20      1%          1
c - Sting                 Tmut/Pois      100%       1d8       1%          1
d - Petrify               Tmut/Erth      59%        N/A       1%          4
e - Lee's Rapid Deconstr  Erth           36%        3d19*     1%          5

Your spell library contained the following spells:

 Spells                   Type           Power      Damage    Failure   Level
 Passwall                 Tmut/Erth      49%        N/A       1%          2
 Wereblood                Tmut           41%        N/A       1%          2
 Animate Skeleton         Necr           42%        N/A       2%          1
 Freeze                   Ice            84%        1d10      2%          1
 Pain                     Necr           84%        1d8       2%          1
 Slow                     Hex            84%        N/A       2%          1
 Spider Form              Tmut/Pois      41%        N/A       2%          3
 Ignite Poison            Fire/Tmut/Pois 34%        N/A       3%          3
 Leda's Liquefaction      Hex/Erth       26%        N/A       3%          4
 Ensorcelled Hibernation  Hex/Ice        42%        N/A       4%          2
 Confusing Touch          Hex            21%        N/A       9%          3
 Frozen Ramparts          Ice            42%        1d6       9%          3
 Inner Flame              Hex/Fire       21%        N/A       9%          3
 Vampiric Draining        Necr           21%        2d7       9%          3
 Fulminant Prism          Conj/Hex       17%        3d11      12%         4
 Hailstorm                Conj/Ice       34%        3d9       12%         4
 Iskenderun's Mystic Bla  Conj/Tloc      34%        2d8       12%         4
 Cause Fear               Hex            10%        N/A       28%         4
 Statue Form              Tmut/Erth      39%        N/A       30%         6
 Yara's Violent Unravell  Hex/Tmut       15%        3d8       38%         5
 Metabolic Englaciation   Hex/Ice        10%        N/A       61%         5
 Dispersal                Tloc           10%        N/A       99%         6
 Borgnjor's Revivificati  Necr           10%        N/A       100%        8
 Discord                  Hex            10%        N/A       100%        8
 Disjunction              Tloc           10%        N/A       100%        8
 Necromutation            Tmut/Necr      15%        N/A       100%        8
 Death's Door             Necr           10%        N/A       100%        9


Dungeon Overview and Level Annotations

Branches:
Dungeon (12/15)            Temple (0/1) D:4            Lair (6/6) D:11
 Shoals (0/4) Lair:3       Spider (0/4) Lair:3        Sewer (visited)
Gauntlet (visited)
  Slime: Lair:5-6       Orc: D:9-12

Shops:
D:11 [

Annotations:
D:2 1 runed translucent door, exclusion: door, Crazy Yiuf
D:4 1 runed translucent door, jejorda2's ghost, amateur MfBe
D:8 1 runed translucent door, jejorda2's ghost, novice PaBe
D:11 3 runed translucent doors, ytrimaz's ghost, journeyman FoFi
D:12 Nergalle
Lair:1 2 transporters, miscthings's ghost, journeyman KoEn


Innate Abilities, Weirdness & Mutations

You have an increased reservoir of magic. (+10% MP)
You shall have no god before yourself.
Your divine heritage dramatically boosts your attributes as you level up.


Message History

A basilisk comes into view.
The yak gores your juvenile batox beast.
The death yak gores your juvenile batox beast!
The yak gores your juvenile batox beast but does no damage.
Your juvenile batox beast hits the yak.
The yak dies!
You take 4 damage, and have 67/100 hp.
You now have 11/35 mp.
Casting: Stone Arrow (safe; 1% risk of failure)
Confirm with . or Enter, or press ? or * to list all spells.
Aiming: Stone Arrow (safe; 1% risk of failure)
Press: ? - help, Shift-Dir - straight line, f - death yak
Aim: a death yak (92% to hit)
The stone arrow hits the death yak.
The death yak is lightly wounded.
You feel very sick.
Your juvenile batox beast barely misses the yak.
Your juvenile batox beast tramples the yak!
The yak holds its ground!
The yak gores your juvenile batox beast but does no damage.
Something gores your juvenile batox beast!!
Your juvenile batox beast dies!
Your juvenile batox beast's corpse disappears in a puff of smoke!
The death yak gores you!!
You take 23 damage, and have 44/100 hp.
MASSIVE DAMAGE!!
You now have 9/35 mp.
Casting: Stone Arrow (safe; 1% risk of failure)
Confirm with . or Enter, or press ? or * to list all spells.
Aiming: Stone Arrow (safe; 1% risk of failure)
Press: ? - help, Shift-Dir - straight line, f/p - death yak
Aim: a death yak (grey smoke, lightly wounded, 92% to hit)
The stone arrow hits the death yak!!
The death yak is moderately wounded.
You feel very sick. The death yak gores you!
* * * LOW HITPOINT WARNING * * *
You take 16 damage, and have 28/100 hp.
You now have 6/35 mp.
You feel sick.
There is a stone staircase leading up, spattered with blood here.
You take 1 damage, and have 27/100 hp.
You feel sick. The death yak gores you!!
You die...

##...##..# ...... # #..#######
......# #? ..## ### #......#.#
.## ###.## ###...).....#
.####....## ### .............
..##......###.# ##.............
..#......###.## #YY........Y<..
.....##..# #..#####YYl...#.......
##.###...# #....@YY.YY..........Y
#####...####....#####YY?.........
.###...## #..#### ..#........
......## ##.## #....##...
#......###..# ###.. ....
.....8.....## ##. ....
.8.........# ....8......##
............#


You could see 3 death yaks, 5 yaks and a basilisk.

Vanquished Creatures
  A minotaur (Gauntlet)
  A fire dragon (Lair:5)
  A boulder beetle (D:12)
  2 hydras
  4 catoblepae
  A two-headed ogre (D:9)
  A death scarab (Gauntlet)
  11 death yaks
  A tengu warrior (D:9)
  Pikel (D:4)
  An ugly thing (D:8)
  A cyclops (D:11)
  2 manticores (Lair:6)
  A moth of wrath (Gauntlet)
  5 elephants (Lair:3)
  A black mamba (Lair:6)
  9 cane toads
  A gargoyle (Gauntlet)
  A torpor snail (Lair:3)
  6 komodo dragons
  14 rime drakes
  A queen bee (D:10)
  3 trolls
  4 polar bears
  Grinder (Sewer)
  27 blink frogs
  3 slime creatures (Lair:5)
  5 shadows
  45 yaks
  4 wyverns
  A wraith (D:10)
  2 redbacks (Lair:3)
  3 basilisks
  2 vampire mosquitoes (D:10)
  10 steam dragons
  Edmund (D:5)
  14 water moccasins
  3 black bears
  A hornet zombie (D:7)
  3 orc warriors
  A sky beast (D:6)
  An ice beast (D:6)
  A necrophage (D:7)
  An ogre (D:6)
  16 wolves
  6 centaurs
  A lemure (D:5)
  3 phantoms
  4 kobold brigands
  A gnoll sergeant (D:10)
  3 scorpions
  12 bullfrogs
  A water moccasin skeleton (D:5)
  7 wights
  28 killer bees
  A howler monkey (D:9)
  6 crimson imps (D:7)
  3 centaur zombies
  2 hounds
  5 orc priests
  2 jellies (D:6)
  A gnoll shaman (D:10)
  A bullfrog skeleton (D:6)
  4 iguanas
  6 orc wizards
  A hound skeleton (D:4)
  Robin (D:1)
  8 adders
  10 gnolls
  A howler monkey skeleton (D:7)
  2 river rats (D:4)
  2 shadow imps
  3 white imps
  6 ufetubi
  An adder zombie (Sewer)
  2 adder skeletons (D:4)
  A worm (D:2)
  2 dart slugs
  25 orcs
  A bat zombie (Sewer)
  9 endoplasms
  3 giant cockroaches
  14 goblins
  9 hobgoblins
  4 jackals (D:3)
  3 quokkas
  8 ball pythons
  8 bats
  40 kobolds
  A kobold zombie (Sewer)
  5 rats
486 creatures vanquished.

Vanquished Creatures (collateral kills)
  A yak (Lair:6)
  2 vampire mosquitoes (D:10)
3 creatures vanquished.

Vanquished Creatures (others)
  A white imp (D:7)
  2 demonic plants (Gauntlet)
  81 fungi
  116 plants
  14 withered plants (Gauntlet)
214 creatures vanquished.

Grand Total: 703 creatures vanquished

Notes
Turn   | Place    | Note
-------+----------+-------------------------------------------
     0 | D:1      | gimp the Demigod Earth Elementalist began the quest for the
                  | Orb.
     0 | D:1      | Reached XP level 1. HP: 14/14 MP: 5/5
   144 | D:1      | Reached skill level 1 in Transmutations
   336 | D:1      | Reached skill level 2 in Spellcasting
   398 | D:1      | Reached XP level 2. HP: 20/20 MP: 2/7
   787 | D:2      | Noticed Robin
   859 | D:1      | Reached XP level 3. HP: 23/26 MP: 5/9
  1198 | D:2      | Learned a level 3 spell: Stone Arrow
  1287 | D:1      | Killed Robin
  1288 | D:1      | Reached XP level 4. HP: 33/33 MP: 4/10
  1523 | D:2      | Found a runed translucent door.
  1524 | D:2      | Noticed Crazy Yiuf
  1671 | D:2      | Reached skill level 1 in Conjurations
  1722 | D:2      | Got Plato's Collected Works on Moulding
  1725 | D:2      | Learned a level 1 spell: Sting
  2565 | D:4      | Reached XP level 5. HP: 34/38 MP: 3/12
  2641 | D:4      | Found a glowing drain.
  2660 | D:4      | Found a runed translucent door.
  2663 | D:4      | Noticed jejorda2's ghost (amateur MfBe)
  2674 | D:4      | Reached skill level 3 in Spellcasting
  2681 | Sewer    | Entered a sewer
  3063 | Sewer    | Reached XP level 6. HP: 27/45 MP: 1/13
  3196 | Sewer    | Reached skill level 5 in Earth Magic
  3428 | Sewer    | Noticed Grinder
  3442 | Sewer    | Killed Grinder
  3443 | Sewer    | Reached XP level 7. HP: 23/50 MP: 4/15
  3784 | D:4      | Found a staircase to the Ecumenical Temple.
  4188 | D:5      | Entered Level 5 of the Dungeon
  4189 | D:5      | Noticed Pikel
  4211 | D:4      | Killed Pikel
  4212 | D:4      | Reached skill level 4 in Spellcasting
  4212 | D:4      | Reached XP level 8. HP: 25/57 MP: 6/17
  4519 | D:5      | Noticed Edmund
  4524 | D:5      | Killed Edmund
  5698 | D:6      | Reached skill level 5 in Spellcasting
  5830 | D:6      | Learned a level 4 spell: Petrify
  5885 | D:6      | Identified the +1 robe of Repulsion {Contam Harm rC++
                  | Dex+3}
  6230 | D:6      | Reached skill level 1 in Poison Magic
  6766 | D:7      | Reached XP level 9. HP: 60/62 MP: 8/20
  8115 | D:8      | Reached skill level 6 in Spellcasting
  8500 | D:8      | Noticed a brown ugly thing
  8513 | D:8      | Reached skill level 1 in Fighting
  8517 | D:8      | Killed a brown ugly thing
  9001 | D:8      | Found a runed translucent door.
  9001 | D:8      | Noticed jejorda2's ghost (novice PaBe)
  9170 | D:9      | Noticed a tengu warrior
  9187 | D:9      | Killed a tengu warrior
  9188 | D:9      | Reached skill level 10 in Earth Magic
  9188 | D:9      | Reached XP level 10. HP: 30/77 MP: 4/23
  9461 | D:9      | Found the +27 Lear's hauberk
  9706 | D:9      | Reached skill level 7 in Spellcasting
  9890 | D:9      | Noticed a two-headed ogre
  9917 | D:9      | Killed a two-headed ogre
  9918 | D:9      | Reached skill level 5 in Fighting
 10463 | D:10     | Entered Level 10 of the Dungeon
 10734 | D:10     | Reached skill level 8 in Spellcasting
 11199 | D:10     | Reached skill level 9 in Spellcasting
 11734 | D:10     | Reached XP level 11. HP: 70/86 MP: 4/29
 12609 | D:11     | Reached skill level 10 in Spellcasting
 12714 | D:11     | Reached skill level 1 in Short Blades
 12911 | D:11     | Found a runed translucent gate.
 12911 | D:11     | Found a runed translucent gate.
 12911 | D:11     | Found a runed translucent gate.
 12913 | D:11     | Noticed ytrimaz's ghost (journeyman FoFi)
 13121 | D:11     | Found a staircase to the Lair.
 13682 | D:11     | Found Hyr Fekk's Antique Armour Shoppe.
 14190 | D:12     | Noticed Nergalle
 14324 | D:12     | Noticed a boulder beetle
 14341 | D:12     | Killed a boulder beetle
 14342 | D:12     | Reached skill level 5 in Short Blades
 14428 | D:12     | Noticed a two-headed ogre
 14428 | D:12     | Noticed a skeletal warrior
 14428 | D:12     | Noticed a skeletal warrior
 14428 | D:12     | Noticed a skeletal warrior
 14714 | Lair:1   | Entered Level 1 of the Lair of Beasts
 14820 | Lair:1   | Found a transporter.
 14825 | Lair:1   | Found a transporter.
 14826 | Lair:1   | Noticed miscthings's ghost (journeyman KoEn)
 14826 | Lair:1   | Noticed a spriggan rider
 14826 | Lair:1   | Noticed a spriggan rider
 15008 | Lair:1   | Identified the +8 falchion of Internal Strife {flame, Str+6
                  | SInv}
 15159 | Lair:1   | Reached skill level 1 in Armour
 15303 | Lair:1   | Got the Catalogue of Transmutation
 17041 | Lair:3   | Found a gate leading to a gauntlet.
 17045 | Lair:3   | Found a staircase to the Shoals.
 17144 | Gauntlet | Entered a Gauntlet
 17144 | Gauntlet | Noticed a death scarab
 17144 | Gauntlet | Noticed a death scarab
 17144 | Gauntlet | Found a transporter.
 17144 | Gauntlet | Found a transporter.
 17144 | Gauntlet | Found a transporter.
 17147 | Gauntlet | Noticed a death scarab
 17201 | Gauntlet | Found a transporter.
 17204 | Gauntlet | Found a transporter.
 17206 | Gauntlet | Found a large runed translucent door.
 17207 | Gauntlet | Found a large runed translucent door.
 17208 | Gauntlet | Found a large runed translucent door.
 17208 | Gauntlet | Found a large runed translucent door.
 17208 | Gauntlet | Found a runed translucent door.
 17208 | Gauntlet | Found a runed translucent door.
 17209 | Gauntlet | Found a large runed translucent door.
 17209 | Gauntlet | Found a large runed translucent door.
 17209 | Gauntlet | Found a large runed translucent door.
 17209 | Gauntlet | Found a large runed translucent door.
 17210 | Gauntlet | Found a large runed translucent door.
 17211 | Gauntlet | Found a large runed translucent door.
 17215 | Gauntlet | Found a transporter.
 17222 | Gauntlet | Found a transporter.
 17229 | Gauntlet | Found a transporter.
 17230 | Gauntlet | Found a large runed translucent door.
 17231 | Gauntlet | Found a large runed translucent door.
 17232 | Gauntlet | Found a large runed translucent door.
 17233 | Gauntlet | Found a runed translucent gate.
 17234 | Gauntlet | Noticed a catoblepas
 17236 | Gauntlet | Found a runed translucent gate.
 17236 | Gauntlet | Found a transporter.
 17237 | Gauntlet | Found a runed translucent gate.
 17239 | Gauntlet | Found a large runed translucent door.
 17240 | Gauntlet | Found a large runed translucent door.
 17241 | Gauntlet | Found a large runed translucent door.
 17247 | Gauntlet | Noticed a glowing orange brain
 17253 | Gauntlet | Found a transporter.
 17274 | Gauntlet | Found a transporter.
 17301 | Gauntlet | Found a transporter.
 17363 | Gauntlet | Noticed a glowing orange brain
 17442 | Gauntlet | Killed a death scarab
 17739 | Gauntlet | Identified the ring "Tisseycu" {Fire rElec}
 17851 | Gauntlet | Reached skill level 5 in Stealth
 17857 | Gauntlet | Reached XP level 12. HP: 84/94 MP: 19/31
 17870 | Gauntlet | Identified the ring of Qanawead {rPois Stlth+}
 18023 | Gauntlet | Killed a catoblepas
 18272 | Gauntlet | Noticed a minotaur
 18290 | Gauntlet | Killed a minotaur
 18291 | Gauntlet | Reached skill level 11 in Spellcasting
 18637 | Lair:2   | Learned a level 5 spell: Lee's Rapid Deconstruction
 19066 | Lair:3   | Found a hole to the Spider Nest.
 19390 | Lair:3   | Reached skill level 12 in Spellcasting
 20901 | Lair:4   | Reached skill level 1 in Evocations
 21164 | Lair:4   | Noticed a five-headed hydra
 21229 | Lair:3   | Killed a five-headed hydra
 21572 | Lair:4   | Identified the +5 shortbow of Trog's Grace {flame, rElec
                  | Str+6 Stlth+}
 21657 | Lair:4   | Reached skill level 13 in Spellcasting
 22062 | Lair:4   | Reached XP level 13. HP: 39/100 MP: 4/35
 22369 | Lair:4   | Identified the +1 robe "Jale" {Slay-2 Stlth+ Archmagi}
 23113 | Lair:5   | Reached skill level 5 in Evocations
 23918 | Lair:5   | HP: 2/100 [rime drake/flash freeze (18)]
 24859 | Lair:5   | Reached skill level 5 in Dodging
 25047 | Lair:5   | Identified the +9 halberd of the Firefly {vamp, rN+ Str+3}
 25574 | Lair:6   | Entered Level 6 of the Lair of Beasts
 28881 | Lair:6   | Slain by a death yak

Illustrated notes

Levels and vault maps discovered:
D:1:      dpeg_arrival_pits, layout_basic
D:2:      layout_basic, shapermc_ecumenical_altar_rom_forum, basic_altar,
          uniq_robin, uniq_crazy_yiuf_cottage
D:3:      layout_loops_ring, corexii_corridor_pit, hex_tiny
D:4:      layout_rooms, mainiacjoe_overflow_small_starburst, temple_fountains,
          portal_sewer_entry_a, ebering_ghost_sewer_d, minmay_misc_feat_hallway
D:5:      layout_loops_ring, kennysheep_generic_room_4, uniq_pikel, uniq_edmund
D:6:      layout_cave_pools, mainiacjoe_overflow_brackets,
          amcnicky_altar_gilded, mainiacjoe_overflow_alcove_2
D:7:      layout_cave_pools, okawaru_gym_becter, mainiacjoe_overflow_boulevard,
          nicolae_qazlal_style_of_elements, minmay_nine_imps
D:8:      nicolae_BIG_FREAKIN_CUBE, layout_rooms, hellmonk_ghost_happy_afterlife
D:9:      minmay_evil_eye, layout_loops_ring, general_overflow_altar,
          hellmonk_guarded_unrand_lears
D:10:     layout_roguey, pdpol_wu_jian_five_deadly_venoms, minivault_7
D:11:     layout_basic, due_lair_maze_entry_diamond, serial_shops, shop,
          ebering_ghost_rock_garden, hive_lemuel
D:12:     layout_basic, minmay_orc_entry_guard_dogs, uniq_nergalle
Lair:1:   layout_loops_ring, gammafunk_ghost_wrathful_warriors
Lair:2:   layout_regular_city
Lair:3:   layout_chaotic_city, minmay_shoals_entry_centaurs,
          spider_nest_entry_webs, gauntlet_entry_generic
Lair:4:   layout_loops_ring, serial_bayou_shore_a, grunt_megastairs_2
Lair:5:   layout_roguey, bobbens_dragon_lair_wall
Lair:6:   evilmike_catoblepas_cave, layout_layer_cave,
          minmay_slime_entry_pillars, minivault_24

Skill      XL: |  1  2  3  4  5  6  7  8  9 10 11 12 13 |
---------------+----------------------------------------+-----
Transmutations | 1 2 3 |  3.0
Spellcasting   | 2 3 4 5 6 9 10 13 | 13.0
Earth Magic    | 3 4 5 6 8 10 | 10.0
Conjurations   | 1 2 3 4 |  4.0
Poison Magic   | 1 3 |  3.0
Fighting       | 3 5 |  5.0
Dodging        | 3 6 |  6.7
Short Blades   | 6 |  6.0
Stealth        | 5 6 |  6.0
Armour         | 2 |  2.0
Evocations     | 4 9 |  9.7

Action                   |  1- 3 |  4- 6 |  7- 9 | 10-12 | 13-15 || total
-------------------------+-------+-------+-------+-------+-------++-------
Melee: Dagger            |     1 |     7 |    30 |   121 |   100 ||   259
       Falchion          |       |       |       |     5 |       ||     5
 Cast: Sandblast         |    47 |    99 |    36 |    24 |       ||   206
       Stone Arrow       |       |     7 |   141 |   389 |   253 ||   790
       Sting             |       |       |     3 |     2 |       ||     5
       Petrify           |       |       |     2 |    22 |     6 ||    30
       Lee's Rapid Decon |       |       |       |       |     5 ||     5
Evoke: Wand              |       |     2 |     1 |     5 |    10 ||    18
       Box of beasts     |       |       |       |     1 |     2 ||     3
  Use: Scroll            |       |     7 |     8 |     8 |     1 ||    24
       Potion            |       |       |       |     4 |     7 ||    11
 Stab: Sleeping          |     1 |       |       |       |       ||     1
       Petrified         |       |       |     7 |    22 |     9 ||    38
       Paralysed         |       |       |       |     7 |       ||     7
Armor: Robe              |    12 |     4 |     2 |       |       ||    18
       Leather armour    |       |       |    11 |    95 |    79 ||   185
Dodge: Dodged            |    18 |    20 |    64 |   215 |   160 ||   477

Table legend: (Time is in decaauts)
 A = Elapsed time spent in this place.
 B = Non-inter-level travel time spent in this place.
 C = Inter-level travel time spent in this place.
 D = Time resting spent in this place.
 E = Time spent auto-exploring this place.
 F = Levels seen in this place.
 G = Mean time per level.
                   A        B        C        D        E       F      G
               +--------+--------+--------+--------+--------+-----+--------+
         Total |  28875 |  28116 |    759 |   5960 |  17914 |  20 | 1443.8 |
       Dungeon |  13681 |  13387 |    294 |   1680 |   9797 |  12 | 1140.1 |
          Lair |  12700 |  12235 |    465 |   3545 |   6993 |   6 | 2116.7 |
         Sewer |   1056 |   1056 |      0 |     74 |    784 |   1 | 1056.0 |
      Gauntlet |   1437 |   1437 |      0 |    661 |    338 |   1 | 1437.0 |
               +--------+--------+--------+--------+--------+-----+--------+

Top non-repeatable levels by time:
  Lair:5: 4201 daAuts
    D:11: 2131 daAuts
  Lair:4: 2104 daAuts
  Lair:3: 1860 daAuts
     D:9: 1682 daAuts
  Lair:2: 1635 daAuts
     D:6: 1584 daAuts
    D:10: 1530 daAuts
  Lair:1: 1469 daAuts
Gauntlet: 1437 daAuts
  Lair:6: 1427 daAuts
     D:5: 1234 daAuts
     D:1: 1101 daAuts
     D:7: 1097 daAuts
   Sewer: 1056 daAuts
